[Event "Titled Tuesday Blitz May 9 Early 2023"]
[White "Lehtosaari, Mauri"]
[Black "Ruge, Edison"]
[WhiteFideId "501999"]
[BlackFideId "4401000"]
[WhiteElo "2529"]
[BlackElo "2175"]
[Result "0-1"]
[Round "03"]
[TimeControl "180+2"]
[Date "2023.05.09"]
[WhiteClock "0:00:06"]
[BlackClock "0:00:06"]

1. d4 d5 2. Nf3 e6 3. c4 f5 4. Bf4 c6 5. Nbd2 Nf6 6. a3 Be7 7. e3 O-O 8. Ne5 Bd7 9. h4 Be8 10. Be2 Nbd7 11. Ndf3 Nxe5 12. Nxe5 Ne4 13. h5 Bg5 14. Bxg5 Qxg5 15. g3 Rd8 16. c5 b6 17. b4 bxc5 18. bxc5 Rb8 19. Nf3 Qf6 20. h6 g6 21. Qc1 g5 22. Ne5 f4 23. exf4 gxf4 24. Qxf4 Qxf4 25. gxf4 Rxf4 26. f3 Nc3 27. Rg1+ Kh8 28. Rg4 Rf6 29. Bd3 Rb2 30. Rg7 Rxh6 31. Rg1 Rhh2 32. Rc1 Ne2 33. Ng4 Nxc1 34. Nxh2 Nxd3+ 35. Kd1 Bh5 36. Ng4 Rb1+ 37. Kd2 Rxg1 38. Nf6 Bg6 39. f4 Rg2+ 40. Ke3 Be4 41. f5 exf5 42. a4 Rg3+ 43. Ke2 Nb2 44. a5 Nc4 45. a6 Ra3 46. Nd7 Rxa6 47. Nf8 Ra3 48. Ne6 Rd3 49. Kf2 a5 50. Ng5 a4 51. Nf7+ Kg7 52. Nd6 a3 0-1


[Site "https://www.chess.com"]

[Event "Titled Tuesday Blitz May 9 Early 2023"]
[White "Baghdasaryan, Vahe"]
[Black "Vidruska, Renate"]
[WhiteFideId "13303139"]
[BlackFideId "11601841"]
[WhiteElo "2216"]
[BlackElo "1976"]
[Result "1-0"]
[Round "03"]
[TimeControl "180+2"]
[Date "2023.05.09"]
[WhiteClock "0:01:11"]
[BlackClock "0:00:23"]

1. e4 e5 2. Nf3 Nf6 3. Nc3 Nc6 4. d4 exd4 5. Nxd4 Bb4 6. Nxc6 bxc6 7. Bd3 d5 8. exd5 O-O 9. O-O cxd5 10. h3 c6 11. Qf3 Rb8 12. Bf4 Bd6 13. b3 a5 14. Ne2 a4 15. Nd4 Qc7 16. Bg5 Be5 17. c3 axb3 18. axb3 Bxd4 19. cxd4 Qd6 20. Bf4 Qb4 21. Bxb8 Qxb8 22. Rfe1 Be6 23. Rec1 Rc8 24. Ba6 Rc7 25. Qf4 Qb6 26. Bb5 h6 27. Ra8+ Kh7 28. Bd3+ Ne4 29. Bxe4+ dxe4 30. Qxe4+ g6 31. Qe5 1-0


[Site "https://www.chess.com"]

[Event "Titled Tuesday Blitz May 9 Early 2023"]
[White "HamedWafa4"]
[Black "Winkels, Marcel"]
[BlackFideId "1003887"]
[WhiteElo "2520"]
[BlackElo "1900"]
[Result "1-0"]
[Round "03"]
[TimeControl "180+2"]
[Date "2023.05.09"]
[WhiteClock "0:01:13"]
[BlackClock "0:00:03"]

1. e4 Nf6 2. Nc3 d5 3. e5 d4 4. exf6 dxc3 5. fxg7 Bxg7 6. dxc3 O-O 7. Qxd8 Rxd8 8. Be3 Bf5 9. Bd3 Be6 10. O-O-O Nc6 11. a3 Ne5 12. Be4 c6 13. h3 Nc4 14. Nf3 Nxe3 15. fxe3 Bh6 16. Rhe1 Rxd1+ 17. Kxd1 Rd8+ 18. Ke2 Bc4+ 19. Bd3 Be6 20. Nd4 Bc8 21. g4 e6 22. a4 c5 23. Nf3 Bg7 24. Rd1 Re8 25. a5 e5 26. Be4 Bf6 27. b4 cxb4 28. cxb4 Be7 29. b5 Be6 30. Bd5 Bd8 31. a6 bxa6 32. bxa6 Bc7 33. Bxe6 Rxe6 34. Rd7 Bb6 35. c4 e4 36. Nd4 Bxd4 37. exd4 Rxa6 38. Ke3 Ra3+ 39. Kxe4 a5 40. Ra7 a4 41. c5 Rxh3 42. Rxa4 Rc3 43. Kd5 h5 44. gxh5 f5 45. Ke5 Rd3 46. c6 f4 47. Kxf4 Rc3 48. d5 Rc5 49. Ke5 Kf7 50. Rf4+ Ke7 51. h6 Ra5 52. h7 Ra8 53. d6+ Ke8 54. h8=R# 1-0


[Site "https://www.chess.com"]

[Event "Titled Tuesday Blitz May 9 Early 2023"]
[White "Petrovic, Aleksa"]
[Black "Fabris, Alberto"]
[WhiteFideId "967629"]
[BlackFideId "801348"]
[WhiteElo "2309"]
[BlackElo "2163"]
[Result "1-0"]
[Round "03"]
[TimeControl "180+2"]
[Date "2023.05.09"]
[WhiteClock "0:01:08"]
[BlackClock "0:00:00"]

1. e4 c5 2. Nf3 d6 3. Bc4 e6 4. O-O Nc6 5. Re1 Be7 6. c3 Nf6 7. d4 cxd4 8. cxd4 d5 9. exd5 Nxd5 10. Nc3 Ncb4 11. Ne5 O-O 12. a3 Nxc3 13. bxc3 Nd5 14. Qd3 Bf6 15. a4 Qa5 16. Bd2 Rd8 17. Bb3 g6 18. Qf3 Bxe5 19. Rxe5 Qb6 20. Bh6 Qd6 21. c4 f6 22. Ree1 Ne7 23. Qxf6 Nf5 24. c5 Qxd4 25. Bxe6+ Bxe6 26. Qxe6+ Kh8 27. Bg5 Rf8 28. Rad1 Qg4 29. Bf6+ Rxf6 30. Qxf6+ Kg8 31. Rd7 Rf8 32. Re8 Rxe8 33. Qf7+ 1-0


[Site "https://www.chess.com"]

[Event "Titled Tuesday Blitz May 9 Early 2023"]
[White "Jaivardhan Raj"]
[Black "Andreev, Konstantin"]
[WhiteFideId "25744437"]
[BlackFideId "24239305"]
[WhiteElo "1772"]
[BlackElo "2106"]
[Result "1-0"]
[Round "03"]
[TimeControl "180+2"]
[Date "2023.05.09"]
[WhiteClock "0:00:02"]
[BlackClock "0:00:01"]

1. e4 c5 2. Nf3 e6 3. d4 cxd4 4. Nxd4 Nc6 5. Nc3 Qc7 6. Nb3 Nf6 7. Be3 a6 8. Qd2 Be7 9. f3 b5 10. a4 b4 11. Ne2 O-O 12. Ned4 Bb7 13. Bd3 Ne5 14. O-O Nc4 15. Bxc4 Qxc4 16. Na5 Qc7 17. Ndb3 Rac8 18. Bf4 d6 19. Rfd1 Ba8 20. Rac1 Rfd8 21. Qe3 e5 22. Bg3 Nh5 23. Bf2 h6 24. Qb6 Bg5 25. Qxc7 Rxc7 26. Bb6 Bxc1 27. Nxc1 Rcd7 28. Bxd8 Rxd8 29. Nc4 Rc8 30. Nb6 Rb8 31. Rxd6 Bb7 32. Nd3 Kf8 33. Nd7+ Ke7 34. Rd5 Bxd5 35. Nxb8 Bb7 36. Nxb4 Kd6 37. N8xa6 Nf4 38. Kf2 h5 39. g3 Ne6 40. c4 Nd4 41. c5+ Kd7 42. Nb8+ Kc7 43. N4a6+ Kc8 44. b4 Nb3 45. b5 Na5 46. c6 Ba8 47. Nd7 f6 48. Nb6+ Kd8 49. Nxa8 Nc4 50. c7+ Kc8 51. Ke2 Kb7 52. Kd3 Nd6 53. Nb6 Kxb6 54. Kc3 Ka5 55. c8=Q Nxc8 56. Kc4 Nb6+ 57. Kc5 Nxa4+ 58. Kc6 Nc3 59. b6 Nb5 60. b7 Na7+ 61. Kc7 Nb5+ 62. Kc8 1-0


[Site "https://www.chess.com"]

[Event "Titled Tuesday Blitz May 9 Early 2023"]
[White "Chernomordik, Pavel"]
[Black "Sailer, Mike"]
[WhiteFideId "2804530"]
[BlackFideId "2012901"]
[WhiteElo "2193"]
[BlackElo "2109"]
[Result "1-0"]
[Round "03"]
[TimeControl "180+2"]
[Date "2023.05.09"]
[WhiteClock "0:02:25"]
[BlackClock "0:01:34"]

1. e4 d5 2. exd5 Qxd5 3. Nc3 Qd6 4. Bc4 Nf6 5. Nf3 c6 6. Qe2 Bg4 7. Bxf7+ Kd8 8. Bb3 Nbd7 9. h3 Bxf3 10. Qxf3 Ne5 11. Qe2 Ng6 12. O-O e5 13. d3 Kc7 14. Ne4 Nxe4 15. Qxe4 Re8 16. Be3 Kb8 17. d4 exd4 18. Qxe8+ 1-0


[Site "https://www.chess.com"]

[Event "Titled Tuesday Blitz May 9 Early 2023"]
[White "Butti, Enrique"]
[Black "Baches Garcia, Guillermo"]
[WhiteFideId "3700470"]
[BlackFideId "2209764"]
[WhiteElo "2080"]
[BlackElo "2513"]
[Result "0-1"]
[Round "03"]
[TimeControl "180+2"]
[Date "2023.05.09"]
[WhiteClock "0:00:44"]
[BlackClock "0:01:22"]

1. d4 Nf6 2. Nf3 e6 3. e3 c5 4. Bd3 cxd4 5. exd4 b6 6. O-O Bb7 7. b3 Be7 8. Bb2 O-O 9. c4 d6 10. Nc3 Nbd7 11. Qe2 Re8 12. Rad1 a6 13. Ng5 Bf8 14. f4 Qc7 15. Kh1 g6 16. Nge4 Bg7 17. Bb1 d5 18. Nxf6+ Nxf6 19. Na4 dxc4 20. bxc4 Rad8 21. Qe3 Bxg2+ 22. Kxg2 Qc6+ 23. Qf3 Qxa4 24. d5 Qxc4 25. d6 Nd5 26. Bxg7 Kxg7 27. Bd3 Qxa2+ 28. Rf2 Qa4 0-1


[Site "https://www.chess.com"]

[Event "Titled Tuesday Blitz May 9 Early 2023"]
[White "Viasus, Juan Diego"]
[Black "Rengifo Blancas, Renzo Jhonathan"]
[WhiteFideId "4464346"]
[BlackFideId "3807185"]
[WhiteElo "1249"]
[BlackElo "2085"]
[Result "0-1"]
[Round "03"]
[TimeControl "180+2"]
[Date "2023.05.09"]
[WhiteClock "0:00:33"]
[BlackClock "0:02:05"]

1. d4 d5 2. Bf4 Nf6 3. e3 e6 4. Nd2 Bd6 5. Bg3 O-O 6. Ngf3 b6 7. Ne5 Bb7 8. c3 c5 9. Bd3 Nc6 10. O-O Ne7 11. Qc2 Bc7 12. Rae1 Nc8 13. e4 Nd6 14. exd5 exd5 15. Kh1 Nde4 16. Nxe4 dxe4 17. Bc4 cxd4 18. Nxf7 Rxf7 19. Bxf7+ Kxf7 20. Qb3+ Kg6 21. Bxc7 Qxc7 22. cxd4 Rd8 23. Rc1 Qf4 24. Rc7 Bd5 25. Qh3 Qxc7 0-1


[Site "https://www.chess.com"]

[Event "Titled Tuesday Blitz May 9 Early 2023"]
[White "Hua, Lefong"]
[Black "Aung Thant Zin"]
[WhiteFideId "2602253"]
[BlackFideId "13000063"]
[WhiteElo "2700"]
[BlackElo "2278"]
[Result "1-0"]
[Round "03"]
[TimeControl "180+2"]
[Date "2023.05.09"]
[WhiteClock "0:01:27"]
[BlackClock "0:00:08"]

1. d4 Nf6 2. c4 e6 3. Nc3 Bb4 4. f3 c5 5. a3 Bxc3+ 6. bxc3 O-O 7. e4 d6 8. Bd3 e5 9. d5 h6 10. Ne2 Nbd7 11. Ng3 Nb6 12. O-O Bd7 13. f4 exf4 14. Bxf4 Bg4 15. Qd2 Nh7 16. h3 Bc8 17. e5 dxe5 18. Bxe5 f6 19. Bf4 Ng5 20. Rae1 Re8 21. Nh5 Nf7 22. Qf2 Nd7 23. Qg3 g5 24. Bc7 Rxe1 25. Bxd8 Rxf1+ 26. Kxf1 Nxd8 27. Qd6 Kf7 28. Bf5 Nf8 29. Qxf6+ 1-0


[Site "https://www.chess.com"]

[Event "Titled Tuesday Blitz May 9 Early 2023"]
[White "Levine, David"]
[Black "Nguyen Hong Nhung"]
[WhiteFideId "2011611"]
[BlackFideId "12412201"]
[WhiteElo "2134"]
[BlackElo "1996"]
[Result "0-1"]
[Round "03"]
[TimeControl "180+2"]
[Date "2023.05.09"]
[WhiteClock "0:00:00"]
[BlackClock "0:00:35"]

1. d4 f5 2. g3 Nf6 3. Bg2 g6 4. c4 Bg7 5. Nf3 O-O 6. O-O d6 7. Nc3 Qe8 8. Qb3 h6 9. Re1 e5 10. e4 fxe4 11. Nxe4 Kh7 12. dxe5 dxe5 13. Nxe5 Nxe4 14. Rxe4 Bxe5 15. f4 Bd4+ 16. Rxd4 Qe1+ 17. Bf1 Nc6 18. Rd1 Qe7 19. Bd2 Nd4 20. Qb4 c5 21. Qc3 Bg4 22. Be3 Bxd1 23. Rxd1 Rad8 24. Bxd4 cxd4 25. Qc2 Rfe8 26. Bd3 Qe3+ 27. Kg2 Rd6 28. h4 h5 29. f5 gxf5 30. Bxf5+ Kh6 31. Qd2 Rf6 32. Bd3 Rf3 33. Qxe3+ Rexe3 34. Bc2 Rxg3+ 35. Kf2 Rgf3+ 36. Kg2 Rf4 0-1


[Site "https://www.chess.com"]

[Event "Titled Tuesday Blitz May 9 Early 2023"]
[White "Shubenkova, Veronika"]
[Black "bubeliang"]
[WhiteFideId "44124040"]
[WhiteElo "2060"]
[BlackElo "2649"]
[Result "0-1"]
[Round "03"]
[TimeControl "180+2"]
[Date "2023.05.09"]
[WhiteClock "0:00:38"]
[BlackClock "0:00:21"]

1. e4 c6 2. d4 d5 3. Nc3 dxe4 4. Nxe4 Nf6 5. Nxf6+ exf6 6. c3 Bd6 7. Nf3 O-O 8. Be2 Re8 9. O-O Nd7 10. Be3 Nf8 11. Qd2 Be6 12. Rae1 Qd7 13. b3 Rad8 14. c4 Ng6 15. Rd1 Bg4 16. Rfe1 a6 17. d5 c5 18. Kh1 h5 19. Ng1 Bb8 20. Bxg4 hxg4 21. Ne2 f5 22. Nf4 Qd6 23. g3 Ne5 24. Qc2 g6 25. Nd3 Nf3 26. Re2 Qf6 27. Nxc5 Qh8 28. h4 Nxh4 29. f4 Rxe3 30. Rh2 Rxg3 31. Qf2 Rh3 32. Rxh3 gxh3 33. Nxb7 Qh5 34. Rg1 Re8 35. d6 Re2 36. Qg3 Qf3+ 37. Qxf3 Nxf3 38. Rg2 hxg2# 0-1


[Site "https://www.chess.com"]

[Event "Titled Tuesday Blitz May 9 Early 2023"]
[White "Fernandez Siles, Luis"]
[Black "Yelisieiev, Yevhenii"]
[WhiteFideId "2209420"]
[BlackFideId "14139642"]
[WhiteElo "2195"]
[BlackElo "2403"]
[Result "1-0"]
[Round "03"]
[TimeControl "180+2"]
[Date "2023.05.09"]
[WhiteClock "0:00:02"]
[BlackClock "0:00:03"]

1. e4 d6 2. Nc3 Nf6 3. f4 c5 4. Nf3 Nc6 5. Bb5 Bd7 6. Bxc6 Bxc6 7. d3 g6 8. O-O Bg7 9. Qe1 O-O 10. Qh4 e6 11. f5 exf5 12. Bh6 Nh5 13. Bxg7 Qxh4 14. Nxh4 Nxg7 15. exf5 Rae8 16. f6 Ne6 17. Nf3 Nf4 18. Rae1 Re6 19. Rxe6 fxe6 20. Ng5 e5 21. Nce4 h6 22. f7+ Kh8 23. g3 hxg5 24. gxf4 Bxe4 25. dxe4 gxf4 26. Rd1 Rxf7 27. Rxd6 Kg7 28. Rd5 Kf6 29. Rxc5 Rd7 30. Rd5 Rc7 31. Rd6+ Kf7 32. c3 Rc4 33. Rd7+ Kf6 34. Rxb7 Rxe4 35. Rxa7 Re2 36. b4 Rc2 37. b5 Rxc3 38. b6 Rc1+ 39. Kf2 Rb1 40. Kf3 Kf5 41. Rf7+ Kg5 42. Rb7 Rb2 43. a4 Rb3+ 44. Ke4 Kf6 45. a5 f3 46. Rb8 Kf7 47. Rb7+ Kf6 48. Rb8 Kg7 49. Rb7+ Kh6 50. Rf7 g5 51. Rxf3 Rb4+ 52. Kxe5 Rb5+ 53. Kf6 Rxa5 54. Rh3# 1-0


[Site "https://www.chess.com"]

[Event "Titled Tuesday Blitz May 9 Early 2023"]
[White "The_Sherman_Variation"]
[Black "Goswami, Vedant"]
[BlackFideId "5003725"]
[WhiteElo "2510"]
[BlackElo "2011"]
[Result "1-0"]
[Round "03"]
[TimeControl "180+2"]
[Date "2023.05.09"]
[WhiteClock "0:00:13"]
[BlackClock "0:00:00"]

1. d4 Nf6 2. c4 Nc6 3. d5 Ne5 4. Qd4 d6 5. Bf4 c5 6. Qc3 Ne4 7. Qc2 Qa5+ 8. Nd2 Nf6 9. Bxe5 dxe5 10. Nf3 e4 11. Ng1 e3 12. fxe3 g6 13. Nf3 Bf5 14. Qc3 Qxc3 15. bxc3 Bh6 16. Nh4 Bd7 17. g3 Bxe3 18. Bg2 O-O 19. Rb1 Rab8 20. Bf3 g5 21. Nf1 gxh4 22. Nxe3 hxg3 23. hxg3 b6 24. Rh4 Kg7 25. Kf2 Rh8 26. g4 h6 27. Rg1 Nh7 28. Nf5+ Bxf5 29. gxf5+ Ng5 30. e4 f6 31. Ke3 Rbd8 32. Be2 Rc8 33. Kf4 Rcd8 34. e5 fxe5+ 35. Kxe5 Rd6 36. Bh5 Rf8 37. Bg4 Rdf6 38. Rf1 Kh7 39. Rh2 Kg7 40. Re2 Rd8 41. Kf4 Kf8 42. Rfe1 Rd7 43. Kg3 Rc7 44. Kh4 Rf7 45. Kh5 Kg7 46. Rg1 Rb7 47. Rh1 Kf6 48. Rhe1 Rd7 49. Re6+ Nxe6 50. Rxe6+ Kg7 51. Rg6+ Kh7 52. Rxh6+ Kg7 53. f6+ Rxf6 54. Bxd7 1-0


[Site "https://www.chess.com"]

[Event "Titled Tuesday Blitz May 9 Early 2023"]
[White "Namitbir Singh Walia"]
[Black "Bashkansky, Ethan"]
[WhiteFideId "35071068"]
[BlackFideId "2071533"]
[WhiteElo "2239"]
[BlackElo "2353"]
[Result "1-0"]
[Round "03"]
[TimeControl "180+2"]
[Date "2023.05.09"]
[WhiteClock "0:01:04"]
[BlackClock "0:00:16"]

1. e4 c6 2. d4 d5 3. exd5 cxd5 4. Bd3 Nf6 5. c3 Nc6 6. h3 g6 7. Nf3 Bf5 8. Bf4 Bxd3 9. Qxd3 Nh5 10. Bh2 Bh6 11. O-O O-O 12. Nbd2 Nf4 13. Qb5 Qd7 14. Rfe1 a6 15. Qb3 b5 16. Nf1 Rac8 17. Ne3 e6 18. Ng4 f5 19. Nxh6+ Kg7 20. Bxf4 1-0


[Site "https://www.chess.com"]

[Event "Titled Tuesday Blitz May 9 Early 2023"]
[White "Staudenhocker43"]
[Black "Mohammed, Zozek Salah Mohammed"]
[BlackFideId "4803361"]
[WhiteElo "2487"]
[BlackElo "2211"]
[Result "1-0"]
[Round "03"]
[TimeControl "180+2"]
[Date "2023.05.09"]
[WhiteClock "0:01:34"]
[BlackClock "0:00:00"]

1. Nf3 d5 2. c4 c6 3. e3 Nf6 4. Nc3 e6 5. b3 Nbd7 6. Bb2 Bd6 7. Qc2 O-O 8. Be2 b6 9. O-O Bb7 10. d4 Rc8 11. Rad1 Qe7 12. Rfe1 Rfd8 13. h3 c5 14. cxd5 cxd4 15. Nxd4 Nxd5 16. Nxd5 Bxd5 17. Qb1 Nf6 18. Ba6 Rc7 19. Nb5 Rcd7 20. Nxd6 Qxd6 21. Bxf6 gxf6 22. e4 1-0


[Site "https://www.chess.com"]

[Event "Titled Tuesday Blitz May 9 Early 2023"]
[White "Hoffmann, Asa"]
[Black "KorolDimitriy75"]
[WhiteFideId "2001470"]
[WhiteElo "2117"]
[BlackElo "2469"]
[Result "1-0"]
[Round "03"]
[TimeControl "180+2"]
[Date "2023.05.09"]
[WhiteClock "0:00:30"]
[BlackClock "0:00:01"]

1. d4 Nf6 2. Bg5 Ne4 3. Bf4 c5 4. f3 Nf6 5. dxc5 Qa5+ 6. Nc3 Qxc5 7. e4 d6 8. Qd2 g6 9. Be3 Qa5 10. Nb5 Qxd2+ 11. Kxd2 Na6 12. Nxa7 Bd7 13. Nb5 Bg7 14. c3 O-O 15. Na3 Rfd8 16. Bd3 Bc6 17. Ne2 e5 18. c4 Nc5 19. Nc3 Ne6 20. Nd5 Bxd5 21. cxd5 Nd4 22. Rhc1 Nd7 23. Nc4 Nc5 24. b4 Ncb3+ 25. axb3 Nxb3+ 26. Kc3 Rxa1 27. Kxb3 Rxc1 28. Bxc1 Bf8 29. Nb6 Be7 30. Bb5 Kg7 31. Be3 h5 32. g3 h4 33. g4 f5 34. gxf5 gxf5 35. exf5 Kf6 36. Bd3 Rg8 37. Bf2 Kf7 38. Bf1 Bg5 39. Bh3 Kf6 40. Nc4 Ke7 41. Bb6 Rh8 42. Bc7 Bf4 43. Bxd6+ Kf6 44. Bc5 Bxh2 45. d6 Bf4 46. d7 Rd8 47. Nb6 e4 48. fxe4 Ke5 49. Bg2 Rg8 50. Kc4 Bg5 51. Bd4+ Kf4 52. e5 Kg3 53. Bd5 h3 54. Bxg8 h2 55. Bd5 1-0


[Site "https://www.chess.com"]

[Event "Titled Tuesday Blitz May 9 Early 2023"]
[White "Xu, Daniel"]
[Black "Todorovic, Bojan"]
[WhiteFideId "2627345"]
[BlackFideId "917087"]
[WhiteElo "1980"]
[BlackElo "2266"]
[Result "1-0"]
[Round "03"]
[TimeControl "180+2"]
[Date "2023.05.09"]
[WhiteClock "0:01:05"]
[BlackClock "0:00:28"]

1. e4 g6 2. d4 Bg7 3. Nc3 d6 4. Be3 a6 5. Qd2 Nd7 6. O-O-O b5 7. f3 Bb7 8. Nge2 c5 9. dxc5 Nxc5 10. Nd4 Nf6 11. Kb1 O-O 12. h4 b4 13. Nce2 Rb8 14. h5 Qc7 15. hxg6 fxg6 16. Nf4 Ncxe4 17. fxe4 Nxe4 18. Qe1 Bxd4 19. Rxd4 e5 20. Bc4+ d5 21. Nxd5 Bxd5 22. Bxd5+ Kh8 23. Rxe4 1-0


[Site "https://www.chess.com"]

[Event "Titled Tuesday Blitz May 9 Early 2023"]
[White "Korpics, Zsolt"]
[Black "Bochnicka, Vladimir"]
[WhiteFideId "705241"]
[BlackFideId "14943450"]
[WhiteElo "2336"]
[BlackElo "2094"]
[Result "1-0"]
[Round "03"]
[TimeControl "180+2"]
[Date "2023.05.09"]
[WhiteClock "0:00:29"]
[BlackClock "0:00:03"]

1. e4 c5 2. Nf3 Nc6 3. d4 cxd4 4. Nxd4 e5 5. Nb5 d6 6. N1c3 a6 7. Na3 Be7 8. Nc4 b5 9. Ne3 Nf6 10. Bd3 O-O 11. O-O Rb8 12. h3 b4 13. Ncd5 Nxd5 14. Nxd5 Bg5 15. Be3 Bxe3 16. Nxe3 Qg5 17. Kh1 Be6 18. Bxa6 Rbd8 19. Bc4 Kh8 20. Bd5 Ne7 21. a3 bxa3 22. Rxa3 Ng6 23. Bxe6 fxe6 24. Qg4 Qe7 25. g3 d5 26. Rd3 Qb7 27. Rfd1 d4 28. Nc4 Rxf2 29. R3d2 Rf6 30. h4 Rdf8 31. h5 Nf4 32. gxf4 Rxf4 33. Qg3 Qxe4+ 34. Rg2 Rf3 35. Nd2 Rxg3 36. Nxe4 Rxg2 37. Kxg2 Rf4 38. Re1 Rg4+ 39. Ng3 Rg5 40. Kh3 Kg8 41. Kh4 h6 42. b4 Kf7 43. b5 e4 44. Nxe4 Rxb5 45. Nd6+ Kf6 46. Nxb5 e5 47. c3 dxc3 48. Nxc3 1-0


[Site "https://www.chess.com"]

[Event "Titled Tuesday Blitz May 9 Early 2023"]
[White "Mayaud, Raphael"]
[Black "Ciolacu, Alessia-Mihaela"]
[WhiteFideId "627151"]
[BlackFideId "1252640"]
[WhiteElo "2191"]
[BlackElo "1937"]
[Result "0-1"]
[Round "03"]
[TimeControl "180+2"]
[Date "2023.05.09"]
[WhiteClock "0:00:00"]
[BlackClock "0:00:25"]

1. d4 Nf6 2. Bg5 d5 3. Bxf6 gxf6 4. c4 c6 5. e3 Bf5 6. Nc3 e6 7. Qb3 Qc8 8. Rc1 Qd7 9. Nge2 Bd3 10. Nf4 dxc4 11. Qd1 Bxf1 12. Kxf1 Na6 13. a3 Nc7 14. h4 Bd6 15. g3 e5 16. Nh5 Be7 17. Qe2 b5 18. Kg2 O-O 19. Rcd1 Qe6 20. g4 Rfd8 21. Ng3 Bf8 22. Nf5 Nd5 23. Qf3 Nxc3 24. bxc3 Bxa3 25. Kh3 Bf8 26. Ra1 a5 27. Rhb1 b4 28. Ng3 b3 29. Ne4 Be7 30. Rg1 a4 31. Ng3 a3 32. Nf5 Bf8 33. h5 a2 34. Qe2 exd4 35. cxd4 c5 36. d5 Qxd5 37. Rad1 Qe6 38. Qf3 Rxd1 39. Rxd1 a1=Q 0-1


[Site "https://www.chess.com"]

[Event "Titled Tuesday Blitz May 9 Early 2023"]
[White "Ramirez Vido, Robert Yorisan"]
[Black "Rian, Kapriaga"]
[WhiteFideId "3513823"]
[BlackFideId "7103263"]
[WhiteElo "2444"]
[BlackElo "2289"]
[Result "0-1"]
[Round "03"]
[TimeControl "180+2"]
[Date "2023.05.09"]
[WhiteClock "0:00:40"]
[BlackClock "0:02:08"]

1. Nf3 d5 2. g3 Nf6 3. Bg2 Bf5 4. d3 e6 5. O-O h6 6. Nc3 Be7 7. e4 Bh7 8. exd5 exd5 9. Re1 O-O 10. Ne5 a6 11. Ng4 c6 12. Nxf6+ Bxf6 13. Qg4 Qd7 14. Qf3 Qf5 15. Bf4 Nd7 16. g4 Qg6 17. Re2 Rfe8 18. Rae1 Rxe2 19. Rxe2 Nf8 20. Nd1 Ne6 21. Ne3 Nd4 0-1


[Site "https://www.chess.com"]

[Event "Titled Tuesday Blitz May 9 Early 2023"]
[White "Kejzar, Petra"]
[Black "Gutkin, Ilya"]
[WhiteFideId "14610213"]
[BlackFideId "16203470"]
[WhiteElo "2089"]
[BlackElo "2265"]
[Result "1-0"]
[Round "03"]
[TimeControl "180+2"]
[Date "2023.05.09"]
[WhiteClock "0:00:59"]
[BlackClock "0:00:08"]

1. e4 c5 2. Nf3 Nc6 3. d4 cxd4 4. Nxd4 g6 5. Nc3 Bg7 6. Be3 Nf6 7. Bc4 O-O 8. Bb3 Re8 9. Qd2 e6 10. O-O d5 11. exd5 Nxd5 12. Nxd5 exd5 13. c3 Qa5 14. Rad1 Bd7 15. Nf3 Ne7 16. Bxd5 Nxd5 17. Qxd5 Qxd5 18. Rxd5 Be6 19. Ra5 b6 20. Ra4 Red8 21. Nd4 Bd7 22. Rb4 Rac8 23. Bg5 f6 24. Bh4 g5 25. Bg3 Bf8 26. Rb3 Ba4 27. h4 Bxb3 28. axb3 Bc5 29. Nb5 Rd2 30. b4 Be7 31. Ra1 Ra8 32. Nc7 Rad8 33. Rxa7 R8d7 34. Ra8+ Kf7 35. Rh8 Kg7 36. Rb8 gxh4 37. Bf4 Kf7 38. Bxd2 Rxd2 39. Rxb6 Rxb2 40. Nd5 Bd8 41. Rb7+ Ke6 42. Nf4+ Kf5 43. Nd3 Rd2 44. Nc5 Rc2 45. Rxh7 Bb6 46. Rxh4 Rxc3 47. g3 Bxc5 48. bxc5 Rxc5 49. Rh5+ Kg4 50. Rxc5 f5 51. Rc4+ Kh3 52. Rh4# 1-0


[Site "https://www.chess.com"]

[Event "Titled Tuesday Blitz May 9 Early 2023"]
[White "Rosenberg, Evan S"]
[Black "Atakhan, Abtin"]
[WhiteFideId "2019299"]
[BlackFideId "22502203"]
[WhiteElo "2246"]
[BlackElo "2008"]
[Result "0-1"]
[Round "03"]
[TimeControl "180+2"]
[Date "2023.05.09"]
[WhiteClock "0:00:00"]
[BlackClock "0:00:05"]

1. d4 d5 2. Nf3 Nf6 3. c3 g6 4. h3 Bg7 5. Bf4 c5 6. e3 cxd4 7. exd4 Nc6 8. Bd3 Qb6 9. Qe2 Bf5 10. Bxf5 gxf5 11. O-O Ne4 12. a4 a6 13. Re1 O-O 14. Ng5 h6 15. Nf3 e6 16. Ne5 Nxe5 17. dxe5 Kh7 18. Nd2 Qxb2 19. Rab1 Qxc3 20. Nxe4 fxe4 21. Rxb7 Rab8 22. Rxb8 Rxb8 23. Rc1 Qd3 24. Qh5 Rb1 25. Rxb1 Qxb1+ 26. Kh2 Qc2 27. Bg3 d4 28. Qxf7 d3 29. Bh4 Qc8 30. Bf6 Qf8 31. Qxe6 d2 32. Qf5+ Kh8 33. Qd7 Bxf6 34. exf6 Qxf6 35. Qxd2 Qe5+ 36. g3 Qf6 37. Kg1 Kg7 38. Qd7+ Kf8 39. h4 Qf3 40. Qd6+ Kg7 41. Qxa6 Qd1+ 42. Kg2 Qf3+ 43. Kg1 Qd1+ 44. Qf1 Qxa4 45. Qe2 Qd4 46. Kg2 Qd5 47. Qg4+ Kf6 48. Kh2 Qd4 49. Qf4+ Kg7 50. h5 Qd5 51. g4 Qd3 52. Kg2 Qc2 53. Qe5+ Kf7 54. Qf5+ Ke7 55. Qh7+ Ke8 56. Qxh6 Qe2 57. Qg6+ Kf8 58. Qf5+ Kg7 59. Kg3 Qe1 60. Qg6+ Kh8 61. h6 Qg1+ 62. Kf4 Qxf2+ 63. Kg5 Qd2+ 64. Kf5 Qf2+ 65. Ke6 Qb6+ 66. Kf5 Qxg6+ 67. Kxg6 e3 0-1


[Site "https://www.chess.com"]

[Event "Titled Tuesday Blitz May 9 Early 2023"]
[White "De Souza, Cristiano Gomes"]
[Black "Mitusov, Semen"]
[WhiteFideId "2151758"]
[BlackFideId "14151049"]
[WhiteElo "2068"]
[BlackElo "2389"]
[Result "0-1"]
[Round "03"]
[TimeControl "180+2"]
[Date "2023.05.09"]
[WhiteClock "0:00:31"]
[BlackClock "0:01:59"]

1. d4 d5 2. c4 e6 3. Nf3 Nf6 4. Nc3 c6 5. Bg5 Be7 6. Rc1 Nbd7 7. e3 O-O 8. Bd3 dxc4 9. Bxc4 b5 10. Bd3 a6 11. Bxf6 Nxf6 12. Ne4 Bb7 13. O-O Rc8 14. Ne5 c5 15. Nxf6+ Bxf6 16. Qh5 g6 17. Nxg6 fxg6 18. Bxg6 hxg6 19. Qxg6+ Bg7 20. Qxe6+ Rf7 21. dxc5 Rc6 22. Qg4 Qf6 23. b4 Qe5 24. Rcd1 Kh7 25. Qg3 Qh5 26. Rd6 Be5 0-1


[Site "https://www.chess.com"]

[Event "Titled Tuesday Blitz May 9 Early 2023"]
[White "Zhou, Qiyu"]
[Black "Aldokhin, Ivan"]
[WhiteFideId "505161"]
[BlackFideId "24115720"]
[WhiteElo "2101"]
[BlackElo "2322"]
[Result "1/2-1/2"]
[Round "03"]
[TimeControl "180+2"]
[Date "2023.05.09"]
[WhiteClock "0:00:06"]
[BlackClock "0:00:10"]

1. e4 c5 2. Nf3 e6 3. d4 cxd4 4. Nxd4 a6 5. c4 Qc7 6. Nc3 Nf6 7. Be3 d6 8. f3 Be7 9. Be2 Nbd7 10. O-O O-O 11. Qd2 b6 12. Rac1 Bb7 13. Rfd1 Rac8 14. Bf1 Qb8 15. a3 Bd8 16. b4 Bc7 17. h3 Rfe8 18. Nb3 Qa8 19. Qf2 Qb8 20. Kh1 h5 21. c5 dxc5 22. bxc5 Bg3 23. Qg1 bxc5 24. Nxc5 Nxc5 25. Bxc5 Qe5 26. Bd4 Qg5 27. Be3 Qa5 28. Ne2 Bb8 29. Bc5 h4 30. Bb4 Qe5 31. Bc3 Rxc3 32. Nxc3 Nh5 33. Ne2 a5 34. Rc5 Ng3+ 35. Nxg3 Qxg3 36. Rxa5 Rc8 37. Rb5 Bc6 38. Rb2 Be5 39. Rbd2 Kh7 40. Rd8 Rc7 41. R8d2 Rb7 42. Bd3 Bb5 43. Bxb5 Rxb5 44. Rf1 Rb3 45. Ra2 Bf4 46. Re2 Rd3 47. a4 Ra3 48. Rc2 Rxa4 49. Re2 Ra3 50. Rfe1 e5 51. Rf1 Kg6 52. Rfe1 Ra6 53. Rf1 Kh7 54. Rfe1 Rg6 55. Rf1 Rd6 56. Rfe1 Qg5 57. Rf1 Bg3 58. Rb1 Bf4 59. Rf1 Rd3 60. Rfe1 Rc3 61. Rb1 Ra3 62. Rbe1 f6 63. Rf1 Ra4 64. Qf2 Rd4 65. Rc2 Bg3 66. Qg1 Bf4 67. Qf2 Be3 68. Qe2 Bf4 69. Qf2 1/2-1/2


[Site "https://www.chess.com"]